 Dungeon Crawl Stone Soup version 0.25.1-2-g60ff931df9 (webtiles) character file.

Game seed: 13035308727301821626

39 ytrimaz the Skirmisher (level 3, -6/51 HPs)
             Began as a Minotaur Berserker on Sept 30, 2020.
             Was a Follower of Trog.
             Mangled by a gnoll
             ... wielding a +0 spear
              (9 damage)
             ... on level 3 of the Dungeon.
             The game lasted 00:01:43 (1436 turns).

ytrimaz the Skirmisher (Minotaur Berserker)         Turns: 1436, Time: 00:01:44

Health: -6/51      AC:  2    Str: 22    XL:     3   Next: 28%
Magic:  2/2        EV: 12    Int:  4    God:    Trog [*.....]
Gold:   37         SH:  0    Dex:  9    Spells: 2/2 levels left

rFire    . . .     SeeInvis .   k - +2 mace (drain)
rCold    . . .     Gourm    .   (no shield)
rNeg     . . .     Faith    .   b - +0 animal skin
rPois    .         Spirit   .   (helmet restricted)
rElec    .         Reflect  .   (no cloak)
rCorr    .         Harm     .   (no gloves)
MR       .....                  (no boots)
Stlth    ..........             (no amulet)
HPRegen  0.17/turn              (no ring)
MPRegen  0.08/turn              (no ring)

@: berserking, very quick
A: retaliatory headbutt, horns 2
a: Berserk, Renounce Religion


You were on level 3 of the Dungeon.
You worshipped Trog.
Trog was aware of your devotion.
You were hungry.

You visited 1 branch of the dungeon, and saw 3 of its levels.

You collected 37 gold pieces.

Inventory:

Hand Weapons
 a - a +0 hand axe
 k - a +2 mace of draining (weapon)
Armour
 b - a +0 animal skin (worn)
Scrolls
 f - a scroll of enchant weapon
 g - a scroll of remove curse {unknown}
 h - a scroll of teleportation {unknown}
 i - a scroll of fog {unknown}
 j - a scroll of amnesia {unknown}
Potions
 d - a potion of curing {unknown}
 e - a potion of flight {unknown}
 m - a potion of might {unknown}
Comestibles
 c - 3 rations
 l - 5 chunks of flesh


   Skills:
 + Level 4.5 Fighting
 - Level 3.9(4.0) Axes
 * Level 1.4(2.9) Maces & Flails
 * Level 2.9 Armour
 - Level 2.2 Dodging


You had 2 spell levels left.
You didn't know any spells.
Your spell library was empty.

Dungeon Overview and Level Annotations

Branches:
Dungeon (2/15)

Altars:


Innate Abilities, Weirdness & Mutations

You reflexively headbutt those who attack you in melee.
You have a pair of horns on your head.


Message History

The gnoll hits you with a cursed -2 club!
The gnoll hits you with a +0 flail.
Unknown command.
The gnoll hits you with a +0 spear.
The gnoll hits you with a cursed -2 club.
The gnoll hits you but does no damage.
Things that are here:
a +0 spear; a gnoll corpse Unknown command.
You barely miss the gnoll. You headbutt the gnoll.
The gnoll is moderately wounded.
The gnoll hits you with a +0 spear!
* * * LOW HITPOINT WARNING * * *
The gnoll closely misses you. The gnoll misses you. You furiously retaliate!
You headbutt the gnoll.
A red film seems to cover your vision as you go berserk!
You feel yourself moving faster!
You feel mighty!
You are feeling hungry.
The gnoll hits you with a +0 spear!
You die...

. .. #..
#...
#....+####
#......g.#
#......@g#
#......g.#
#..?.....#
#....)...#
#######+##


You could see 3 gnolls.

Vanquished Creatures
  A gnoll (D:3)
  An adder (D:2)
  A dart slug (D:2)
  A leopard gecko (D:1)
  A ball python (D:1)
  2 goblins (D:1)
  3 hobgoblins
  A quokka (D:2)
  3 bats
  A frilled lizard (D:1)
  A kobold (D:1)
  4 rats
20 creatures vanquished.

Notes
Turn   | Place    | Note
-------+----------+-------------------------------------------
     0 | D:1      | ytrimaz the Minotaur Berserker began the quest for the Orb.
     0 | D:1      | Reached XP level 1. HP: 19/19 MP: 0/0
   636 | D:1      | Reached skill level 4 in Fighting
   744 | D:1      | Reached XP level 2. HP: 22/27 MP: 1/1
  1380 | D:2      | Reached skill level 1 in Maces & Flails
  1380 | D:2      | Reached XP level 3. HP: 31/34 MP: 2/2
  1431 | D:2      | You fall into a shaft and drop 1 floor!
  1436 | D:3      | Mangled by a gnoll

Illustrated notes

Levels and vault maps discovered:
D:1:      dpeg_arrival_rhombus, layout_basic, minivault_26
D:2:      layout_loops_ring, doesnt_xom_only_xom, st_stairs_3
D:3:      layout_basic, first_ration, hellmonk_ghost_happy_afterlife,
          kennysheep_pointless_box, uniq_robin

Skill      XL: |  1  2 |
---------------+-------+-----
Fighting       | 4 |  4.5
Maces & Flails | 1 |  1.4
Axes           | |  3.9
Armour         | |  2.9
Dodging        | |  2.2

Action                   || total
-------------------------++-------
Melee: Hand axe          ||    18
       Headbutt          ||     5
       Mace              ||    22
Invok: Berserk           ||     1
  Use: Scroll            ||     2
  Eat: Chunk             ||     2
Armor: Animal skin       ||    14
Dodge: Dodged            ||    45
